← All builds
Beach sea / Cortex / Economy first / OBSERVED BUILD

Standard beach sea

Cortex Beach sea build order · Supreme Isthmus

The role's usual play: com goes to sea to build a shipyard around 2 minutes, pumping frigates and destroyers to contest enemy sea entry or hold vision, with an advanced metal extractor around 10 minutes as the transition into the team's…

Usually shipyard first (94%)

#naval #eco · 871 distinct matches · 111 players · 83% of Cortex Beach sea games · team won 54% of 943 · Recently observed

HOW TO PLAY IT

Key timing: Shipyard by 1:57

  1. Open 3 mex and wind while com heads straight to sea.
  2. Drop Shipyard fast, before 2:00, to seize early sea presence.
  3. Push "frigate" out to contest enemy sea entry or hold vision.
  4. Add "destroyer" as the fleet grows.
  5. Transition into Advanced Metal Extractor to catch up on eco.

Phase by phase

TYPICAL OF ITS 871 GAMES
  1. 1
  2. 2
  3. 3
PLAY THE OPENING

Follow the example game's first 6:00 step by step: what to build now, what comes next, and where it goes. At 1× it keeps pace with your own game.

  1. 1

    Up to the Shipyard

    Economy
    • Metal Extractor3Mex
    • Wind Turbine2Windfor allies
    • Wind Turbine2Wind
    • Energy Storage1Energy storage
    Order
    1. ShipyardShipyard after 3 mex, 2 wind, 1 energy storagedone ~1:57, middle half 1:43–2:07

    By 1:40 in all: 3 mex · 2 wind · 1 energy storage

    The example game in this phase · 15 steps
    1. Mex ×2
    2. Wind
    3. Mex
    4. Wind ×4
    5. Energy storage
    6. Hovercraft PlatformHovercraft Platformdone 1:46
    7. GoonGoon
    8. Wind ×2
    9. Construction HovercraftCon hovercraft
    10. Wind
    11. GoonGoon
    12. Construction HovercraftCon hovercraft ×2
    13. GoonGoon ×2
    14. Mex ×2
    15. ShipyardShipyarddone 3:47 · typical 1:57
  2. 2

    Shipyard to 5:00

    Economy
    • Metal Extractor5Mex
    • Tidal Generator2Tidal
    Builders
    • Construction Ship2 Con ship
    Army
    • Riptide2 Frigate
    • Herring1 Missile corvette
    • Oppressor1 Destroyer
    Other
    • Naval Radar / Sonar Tower1 Naval Radar / Sonar Tower

    Some games also: Urchin (45%) · submarine (39%) · wind (39%) · gunboat (36%) · con turret (35%)

    By 5:00 in all: 8 mex · 3 wind · 2 tidal · 1 energy storage

    The example game in this phase · 11 steps
    1. Con turret
    2. HerringMissile corvette
    3. Mex
    4. OppressorDestroyerdone 4:33 · typical 5:11
    5. Naval Radar / Sonar TowerNaval Radar / Sonar Tower
    6. Mex
    7. RiptideFrigatedone 5:16 · typical 3:51
    8. ThistleThistle
    9. Naval Radar / Sonar TowerNaval Radar / Sonar Tower
    10. Radar TowerRadar Tower
    11. UrchinUrchin
  3. 3

    5:00 to 10:00

    Economy
    • Metal Extractor1Mex
    • Wind Turbine9Wind
    Builders
    • Construction Ship1 Con ship
    • Death Cavalry1 Death Cavalry
    Army
    • Urchin1 Urchin
    • Riptide5 Frigate
    • Oppressor2 Destroyer
    • Herring2 Missile corvette
    Other
    • Naval Radar / Sonar Tower1 Naval Radar / Sonar Tower

    Some games also: Naval Construction Turret (48%) · Guard (47%) · Radar Tower (40%) · tidal (38%) · con turret (34%)

    By 10:00 in all: 9 mex · 12 wind · 4 wind · 4 tidal · 1 energy storage · 1 Naval Construction Turret

    The example game in this phase · 65 steps
    1. RiptideFrigate
    2. Mex ×2
    3. RiptideFrigate
    4. Radar TowerRadar Tower
    5. Death CavalryDeath Cavalry
    6. Twin GuardTwin Guard
    7. Construction ShipCon ship
    8. Naval Radar / Sonar TowerNaval Radar / Sonar Tower
    9. HerringMissile corvette
    10. OppressorDestroyer
    11. UrchinUrchin
    12. Wind
    13. RiptideFrigate
    14. Wind
    15. Naval Radar / Sonar TowerNaval Radar / Sonar Tower
    16. Wind
    17. Tidal
    18. RiptideFrigate
    19. Tidal
    20. Wind ×2
    21. Tidal
    22. RiptideFrigate
    23. Wind
    24. Tidal
    25. Wind
    26. Death CavalryDeath Cavalry
    27. Advanced Metal ExtractorT2 mexdone 10:33 · typical 9:58
    28. Wind
    29. Tidal
    30. Construction ShipCon ship
    31. Wind
    32. Tidal
    33. HerringMissile corvette
    34. Tidal
    35. Wind
    36. Naval Radar / Sonar TowerNaval Radar / Sonar Tower
    37. OppressorDestroyer
    38. Wind
    39. Tidal
    40. Wind
    41. Advanced Metal ExtractorT2 mex
    42. RiptideFrigate
    43. Wind
    44. ShipyardShipyarddone 11:02
    45. Wind ×2
    46. RiptideFrigate ×2
    47. Wind
    48. RiptideFrigate
    49. Wind
    50. RiptideFrigate
    51. Advanced Metal ExtractorT2 mex
    52. Wind ×3
    53. ShipyardShipyarddone 12:52
    54. Hovercraft PlatformHovercraft Platformdone 13:56
    55. Death CavalryDeath Cavalry
    56. OppressorDestroyer
    57. Advanced Metal ExtractorT2 mex
    58. OppressorDestroyer
    59. ShipyardShipyard ×2not finished by 15:00
    60. OppressorDestroyer
    61. GoonGoon ×3
    62. RiptideFrigate
    63. GoonGoon
    64. RiptideFrigate
    65. GoonGoon

Counts are medians over the build's games: half of them build more, half fewer. The example game is Adeus's (37 OS, 03/10/2026); pick another.

Team trades

IN AT LEAST 30% OF ITS GAMES

You hand over

  • Wind Turbine3 Wind to Airfirst at 1:52 · in 78% of games

You get

  • Finch1 Finch from Airfirst at 1:59 · in 82% of games
  • Lazarus1 Lazarus from Geofirst at 2:13 · in 62% of games
  • Hephaestus1 Heavy transport from Airfirst at 2:16 · in 68% of games
  • Construction Bot1 Con bot from Geofirst at 2:27 · in 69% of games
  • Hercules1 Light transport from Airfirst at 2:35 · in 32% of games
  • Advanced Construction Bot1 T2 con bot from Techfirst at 8:10 · in 88% of games

How it plays out

Typical game of this build, running totals by minute

Metal produced

010k20k30k
0:005:0010:0015:00

metal

Enemy metal destroyed

05k10k
0:005:0010:0015:00

metal

Own metal lost

02.5k5k7.5k
0:005:0010:0015:00

metal

943 games.

Show as table
ByMetal produced: This buildEnemy metal destroyed: This buildOwn metal lost: This build
1:0040300
2:0093700
3:00157000
4:002537051
5:003709197100
6:005035533261
7:0064751080591
8:00803818141031
9:00966427901581
10:001155639232340
11:001375250003070
12:001628061193825
13:001906771064611
14:002181181625667
15:002487692576531
WHAT THE NUMBERS SAY

Standard Beach sea wins more than Geo sea's 50% and gets its Shipyard up faster, using early sea access before falling behind on land resources.

  • + Shipyard finishes by 1:57, faster than Geo sea's 3:18
  • + 54% team win rate beats the Cortex geo sea baseline
  • − Metal produced trails Geo sea's Cortex build, 24356 vs 28451 by 15:00
  • − T2 factory only lands in 35% of games by 12:42
THE EXAMPLE YOU ARE READING

Adeus

36.5 OS · 03/10/2026

Open source match ↗

7 received units · includes a constructor
6 metal received · 12191 energy received

Allied construction assistance is unknown. Timings are observations, not a promise of solo reproducibility.

Typical milestones

Shipyard1:57Middle 50%: 1:43–2:07 · n=941
Riptide3:51Middle 50%: 3:15–4:34 · n=925
Oppressor5:11Middle 50%: 4:18–6:08 · n=907
Advanced Metal Extractor9:58Middle 50%: 9:17–10:55 · n=797

Played most by

EpicTyrannus94games of this buildDamsko68games of this buildWaboum64games of this buildPRO_HYDRA61games of this buildKbot_my_Ahole52games of this build